 Dungeon Crawl Stone Soup version 0.31-a0-43-g46d131a48f (webtiles) character file.

Game seed: 9290105473428102733

56 porpoise the Firebug (level 3, -1/26 HPs)
             Began as a Draconian Fire Elementalist on May 20, 2023.
             Slain by a gnoll
             ... wielding a +0 club
              (4 damage)
             ... on level 3 of the Dungeon.
             The game lasted 00:06:06 (2328 turns).

porpoise the Firebug (Draconian Fire Elementalist)  Turns: 2328, Time: 00:06:06

Health: -1/26      AC:  5    Str: 10    XL:     3   Next: 71%
Magic:  1/6        EV: 12    Int: 17    God:
Gold:   114        SH:  0    Dex: 11    Spells: 3/6 levels left

rFire   . . .        a - +1 spear
rCold   . . .        (no shield)
rNeg    . . .        (body armour unavailable)
rPois   .            (helmet restricted)
rElec   .            (no cloak)
rCorr   .            (no gloves)
SInv    .            (no boots)
Will    .....        (no amulet)
Stlth   ++           (no ring)
HPRegen 0.24/turn    (no ring)
MPRegen 0.10/turn

%: no passive effects
@: no status effects
A: AC +5, unfitting armour, cold-blooded
a: no special abilities


You were on level 3 of the Dungeon.
You visited 1 branch of the dungeon, and saw 3 of its levels.

You collected 114 gold pieces.

Inventory:

Hand Weapons
 a - a +1 spear (weapon)
Scrolls
 c - a scroll of fear
 d - a scroll of noise {unknown}
 e - 3 scrolls of enchant weapon
 f - a scroll of immolation
 g - 3 scrolls of poison
 h - a scroll of teleportation
 l - a scroll of silence {unknown}
 n - a scroll of identify {unknown}
 r - 2 scrolls of vulnerability {unknown}
Potions
 b - 4 potions of heal wounds {unknown}
 i - a potion of resistance {unknown}
 j - a potion of attraction {unknown}
 k - 2 potions of magic
 m - 4 potions of curing {unknown}
 o - a potion of cancellation {unknown}
 p - 2 potions of might {unknown}
 q - a potion of lignification {unknown}
 s - 2 potions of flight {unknown}


   Skills:
 - Level 1.7 Dodging
 - Level 1.7 Stealth
 + Level 2.3 Spellcasting
 + Level 2.4 Conjurations
 + Level 3.8 Fire Magic


You had 3 spell levels left.
You knew the following spells:

 Your Spells              Type           Power      Damage    Failure   Level
a - Foxfire               Conj/Fire      48%        2x1d6     5%          1
b - Scorch                Fire           30%        2d6       6%          2

Your spell library contained the following spells:

 Spells                   Type           Power      Damage    Failure   Level
 Inner Flame              Hex/Fire       8%         N/A       26%         3
 Volatile Blastmotes      Fire/Tloc      16%        2d11      26%         3
 Flame Wave               Conj/Fire      12%        2d6       45%         4


Dungeon Overview and Level Annotations

Branches:
Dungeon (3/15)

Altars:


Innate Abilities, Weirdness & Mutations

Your plain brown scales are hard. (AC +5)
You cannot fit into any form of body armour.
You are cold-blooded and may be slowed by cold attacks.


Message History

A gnoll comes into view. It is wielding a +0 flail.
The gnoll shouts! x2
There is an open door here.
A gnoll comes into view. It is wielding a +0 club.
Casting: Foxfire (safe; 5% risk of failure)
Confirm with . or Enter, or press ? or * to list all spells.
Flames lash the gnoll.
The gnoll is moderately wounded.
The gnoll's fire resistance burns away.
The gnoll shouts!
The gnoll hits you from afar with a +0 spear.
Casting: Scorch (safe; 6% risk of failure)
Confirm with . or Enter, or press ? or * to list all spells.
You conjure some foxfire!
The gnoll hits you with a +0 flail.
The gnoll hits you from afar with a +0 spear.
You barely miss the gnoll.
The foxfire hits the gnoll.
The gnoll is lightly wounded.
The foxfire hits the gnoll.
The gnoll is moderately wounded.
The gnoll closely misses you. The gnoll barely misses you. x2
Casting: Foxfire (safe; 5% risk of failure)
Confirm with . or Enter, or press ? or * to list all spells.
You conjure some foxfire!
The gnoll is no longer more vulnerable to fire.
The gnoll hits you from afar with a +0 spear.
The gnoll closely misses you.
You hit the gnoll.
The gnoll is heavily wounded.
The foxfire hits the gnoll.
The gnoll is almost dead.
The foxfire hits the gnoll.
You kill the gnoll!
The gnoll closely misses you. The gnoll hits you with a +0 flail!
* * * LOW HITPOINT WARNING * * *
Casting: Foxfire (safe; 5% risk of failure)
Confirm with . or Enter, or press ? or * to list all spells.
You conjure some foxfire!
An orc comes into view. It is wielding a +0 club.
The gnoll hits you with a +0 club.
You die...

....###..........#.#
#........######...##
...#.....# ###.### .
##...## #.....# ##.##
#.....## #.# #......#
#.# #......# ##ยง##
#......# #v@.# ######.#
#.vgg.# ###.####
#.....g.# ##......#
..........####....##.#
............+.....[.....
##..........####...#.#.#
#.#.......## ##......#
#.##.o...## ####.### #.#


You could see 3 gnolls and an orc.

Vanquished Creatures
  A gnoll (D:3)
  A worm (D:2)
  5 orcs (D:2)
  5 endoplasms
  2 giant cockroaches
  4 hobgoblins
  2 kobolds
  2 quokkas (D:1)
  8 ball pythons
  2 frilled lizards (D:2)
  3 rats
35 creatures vanquished.

Vanquished Creatures (others)
  96 foxfires
96 creatures vanquished.

Grand Total: 131 creatures vanquished

Notes
Turn   | Place    | Note
-------+----------+-------------------------------------------
     0 | D:1      | porpoise the Draconian Fire Elementalist began the quest
                  | for the Orb.
     0 | D:1      | Reached XP level 1. HP: 14/14 MP: 3/3
   346 | D:1      | Reached XP level 2. HP: 20/20 MP: 1/5
   350 | D:1      | Learned a level 2 spell: Scorch
  1393 | D:2      | Reached XP level 3. HP: 26/26 MP: 4/6
  1687 | D:2      | Found a faded altar of an unknown god.
  2328 | D:3      | Slain by a gnoll

Illustrated notes

Levels and vault maps discovered:
D:1:      evilmike_arrival_crescent, layout_rooms
D:2:      layout_loops_ring, hellmonk_ecumenical_altar_defaced_shrine,
          minmay_pentomino_p2
D:3:      layout_loops_corners, uniq_terence, uniq_crazy_yiuf_cottage,
          uniq_ijyb, uniq_natasha

Skill      XL: |  1  2 |
---------------+-------+-----
Conjurations   | 2 |  2.4
Dodging        | |  1.7
Stealth        | |  1.7
Spellcasting   | |  2.3
Fire Magic     | |  3.8

Action                     || total
---------------------------++-------
  Melee: Unarmed           ||     6
         Spear             ||    26
         Tailslap          ||     5
   Cast: Foxfire           ||    55
         Scorch            ||     1
    Use: Scroll            ||     5
   Stab: Sleeping          ||     2
 Armour: Skin              ||    15
  Dodge: Dodged            ||    34

Table legend: (Time is in decaauts)
 A = Elapsed time spent in this place.
 B = Non-inter-level travel time spent in this place.
 C = Inter-level travel time spent in this place.
 D = Time resting spent in this place.
 E = Time spent auto-exploring this place.
 F = Levels seen in this place.
 G = Mean time per level.
                   A        B        C        D        E       F      G
               +--------+--------+--------+--------+--------+-----+--------+
         Total |   2330 |   2255 |     75 |    432 |   1521 |   3 |  776.7 |
       Dungeon |   2330 |   2255 |     75 |    432 |   1521 |   3 |  776.7 |
               +--------+--------+--------+--------+--------+-----+--------+

Top non-repeatable levels by time:
     D:2: 1254 daAuts
     D:1: 690 daAuts
     D:3: 385 daAuts
